 Dungeon Crawl Stone Soup version 0.23-a0-667-gc184e93 (webtiles) character file.

98 galech the Skirmisher (level 4, -1/35 HPs)
             Began as a Demonspawn Fighter on Jan 8, 2019.
             Killed from afar by an orc wizard (4 damage)
             ... with a puff of flame
             ... on level 3 of the Dungeon.
             The game lasted 00:02:29 (2288 turns).

galech the Skirmisher (Demonspawn Fighter)          Turns: 2288, Time: 00:02:30

Health: -1/35      AC:  6    Str: 16    XL:     4   Next: 43%
Magic:  4/4        EV:  7    Int: 10    God:
Gold:   84         SH:  9    Dex: 15    Spells: 3/3 levels left

rFire    . . .     SeeInvis .   a - +0 war axe
rCold    . . .     Gourm    .   c - +0 shield
rNeg     . . .     Faith    .   b - +0 scale mail
rPois    .         Spirit   .   (no helmet)
rElec    .         Reflect  .   (no cloak)
rCorr    .         Harm     .   (no gloves)
MR       .....                  (no boots)
Stlth    +.........             (no amulet)
HPRegen  0.11/turn              (no ring)
MPRegen  0.09/turn              (no ring)

@: no status effects
A: claws 1, thin skeletal structure 1
a: no special abilities


You were on level 3 of the Dungeon.
You were not hungry.

You visited 1 branch of the dungeon, and saw 3 of its levels.

You collected 84 gold pieces.

Inventory:

Hand Weapons
 a - a +0 war axe (weapon)
Armour
 b - a +0 scale mail (worn)
 c - a +0 shield (worn)
Jewellery
 d - an uncursed amulet of faith {unknown}
Scrolls
 e - a scroll of enchant weapon {unknown}
 h - 2 scrolls of remove curse
 j - 2 scrolls of blinking {unknown}
 k - 2 scrolls of identify {unknown}
 l - a scroll of fog {unknown}
Potions
 i - a potion of invisibility {unknown}
 m - a potion of magic {unknown}
Comestibles
 f - 5 rations
 g - 3 chunks of flesh


   Skills:
 + Level 3.5 Fighting
 + Level 2.5 Axes
 + Level 3.2 Armour
 + Level 1.2 Dodging
 + Level 3.1 Shields


You had 3 spell levels left.
You didn't know any spells.
Your spell library was empty.

Dungeon Overview and Level Annotations

Branches:
Dungeon (3/15)

Altars:
Vehumet


Innate Abilities, Weirdness & Mutations

You have sharp fingernails.
You have a somewhat thin skeletal structure. (Dex +2, Stealth)


Message History

You see here a +0 whip.
Something hits you but does no damage.
You're too confused to move!
Something hits you. Something hits you.
* * * LOW HITPOINT WARNING * * *
You see here a +0 whip.
You feel less confused.
A magic dart appears from out of thin air!
The magic dart hits you!
* * * LOW HITPOINT WARNING * * *
Something hits you but does no damage. Something hits you.
* * * LOW HITPOINT WARNING * * *
You see here a +0 whip.
You miss something. You block something's attack.
Your shield prevents you from hitting something.
You hear some strange, mumbled words.
A puff of flame appears from out of thin air!
The puff of flame hits you!
You die...

####### #.....# ####### #####
#.....# #.....# #.... #..(..#
#.{...# #.... ###.....# #.@...#
#####.... <.......# #.)...#
#........ ........#######.....#
##.#.#..## ........'...........#
#......## .#......#...###.....#
#..#.#.# .#......#...##......#
#......# ##......#...#.......#
#.#.#### #......#...#...÷P###
#...#
##.##......##...≈≈#######.#######


There were no monsters in sight!

Vanquished Creatures
  4 adders
  2 dart slugs
  A worm (D:3)
  3 orcs (D:3)
  A giant cockroach (D:3)
  3 goblins (D:1)
  6 hobgoblins
  3 jackals (D:3)
  3 quokkas (D:2)
  8 bats
  5 frilled lizards
  4 kobolds
  9 rats
52 creatures vanquished.

Vanquished Creatures (others)
  A rat (D:2)
1 creature vanquished.

Grand Total: 53 creatures vanquished

Notes
Turn   | Place    | Note
-------+----------+-------------------------------------------
     0 | D:1      | galech the Demonspawn Fighter began the quest for the Orb.
     0 | D:1      | Reached XP level 1. HP: 18/18 MP: 1/1
   241 | D:1      | Gained mutation: You have sharp fingernails. [demonic
                  | ancestry]
   241 | D:1      | Reached XP level 2. HP: 20/24 MP: 2/2
   812 | D:2      | Gained mutation: You have a somewhat thin skeletal
                  | structure. (Dex +2, Stealth) [demonic ancestry]
   812 | D:2      | Reached XP level 3. HP: 29/29 MP: 3/3
   840 | D:2      | Found a radiant altar of Vehumet.
   868 | D:2      | Reached skill level 1 in Dodging
  1877 | D:3      | Reached XP level 4. HP: 30/35 MP: 4/4
  2288 | D:3      | Killed from afar by an orc wizard

Vault maps used:
D:1:      lightli_iron_boxes, minmay_hedge_maze, minmay_misc_feat_rows
D:2:      fiery_altar_vehumet, serial_curves, eino_curves_03, eino_curves_01,
          eino_curves_04, eino_curves_02
D:3:      serial_glass, glass_columns_a, glass_columns_a, serial_bayou_ford_a,
          minmay_misc_feat_plants

Skill      XL: |  1  2  3 |
---------------+----------+-----
Armour         | 3 |  3.2
Shields        | 3 |  3.1
Axes           | 2 |  2.5
Dodging        | 1 |  1.2
Fighting       | |  3.5

Action                   |  1- 3 |  4- 6 || total
-------------------------+-------+-------++-------
Melee: War axe           |   133 |    60 ||   193
  Use: Scroll            |     1 |       ||     1
       Potion            |     3 |       ||     3
  Eat: Chunk             |     3 |     2 ||     5
Armor: Scale mail        |    75 |    39 ||   114
Dodge: Dodged            |    38 |    22 ||    60
Block: Shield            |    88 |    40 ||   128

Table legend:
 A = Non-vault XP
 B = Vault XP
 C = Vault XP percentage of total XP
 D = Non-vault monster count
 E = Vault monster count
 F = Vault count percentage of total count
                 A         B        C        D         E       F
            +---------+---------+-------+---------+---------+-------
      Total |     140 |       0 |   0.0 |      52 |       0 |   0.0
            +---------+---------+-------+---------+---------+-------
        D:1 |      37 |       0 |   0.0 |      23 |       0 |   0.0
        D:2 |      56 |       0 |   0.0 |      13 |       0 |   0.0
        D:3 |      47 |       0 |   0.0 |      16 |       0 |   0.0
            +---------+---------+-------+---------+---------+-------
